 Dungeon Sprint DCSS version 0.21-a0-264-g3e31e41 (webtiles) character file.

2083 Kidiri the Thaumaturge (level 9, -8/54 HPs)
             Began as a Deep Elf Fire Elementalist on Sept 9, 2017.
             Was a Priest of Vehumet.
             Mangled by a centaur warrior (10 damage)
             ... in the Dungeon (Sprint III: "The Ten Rune Challenge").
             The game lasted 00:06:23 (1075 turns).

Kidiri the Thaumaturge (Deep Elf Fire Elementalist) Turns: 1075, Time: 00:06:24

Health: -8/54      AC:  3    Str:  7    XL:     9   Next: 6%
Magic:  14/29      EV: 17    Int: 24    God:    Vehumet [***...]
Gold:   30         SH:  0    Dex: 15    Spells: 18/36 levels left

rFire    . . .     SeeInvis .   k - +7 club
rCold    + . .     Gourm    .   (no shield)
rNeg     . . .     Faith    .   a - +0 robe
rPois    .         Spirit   .   (no helmet)
rElec    .         Reflect  .   l - +0 cloak
rCorr    .         Harm     .   (no gloves)
MR       .....     NoTele   +   (no boots)
Stlth    ++........             (no amulet)
HPRegen  0.18/turn              (no ring)
MPRegen  0.21/turn              (no ring)

@: no status effects
A: cold resistance 1, strong 1
a: Renounce Religion


You were in the Dungeon.
You worshipped Vehumet.
Vehumet was most pleased with you.
You were not hungry.

You visited 1 branch You collected 30 gold pieces.

Inventory:

Hand Weapons
 k - a +7 club (weapon)
 u - a +0 dagger
Armour
 a - a +0 robe (worn)
 l - a +0 cloak (worn)
 w - a +0 robe
Wands
 j - a wand of flame (25/48)
 y - a wand of confusion (11/48)
Scrolls
 i - a scroll of blinking
 n - a scroll of torment
 p - a scroll of remove curse
 s - a scroll of immolation {unknown}
 t - a scroll of recharging {unknown}
Potions
 b - a potion of might
 d - 3 potions of curing
 e - a potion of heal wounds
 f - a potion of haste
 g - 2 potions of magic
 h - 2 potions of berserk rage
 m - a potion of mutation
 r - 3 potions of flight
Comestibles
 c - 2 bread rations
 q - 2 royal jellies


   Skills:
 + Level 5.3 Fighting
 + Level 6.2 Short Blades
 + Level 5.3 Armour
 + Level 8.2 Dodging
 - Level 2.4 Stealth
 * Level 14.4 Spellcasting
 + Level 8.7 Conjurations
 + Level 9.4 Fire Magic


You had 18 spell levels left.
You knew the following spells:

 Your Spells              Type           Power        Failure   Level  Hunger
a - Flame Tongue          Conj/Fire      #####        1%          1    None
b - Throw Flame           Conj/Fire      ######       1%          2    None
c - Conjure Flame         Conj/Fire      ######..     1%          3    None
d - Inner Flame           Hex/Fire       #####...     1%          3    None
e - Sticky Flame          Conj/Fire      ######..     1%          4    None
f - Fireball              Conj/Fire      ######....   1%          5    ##.....


Dungeon Overview and Level Annotations

Branches:
Dungeon (1/1)

Altars:
Cheibriados
Dithmenos
Elyvilon
Fedhas
Gozag
Hepliaklqana
Kikubaaqudgha
Makhleb
Nemelex Xobeh
Okawaru
Qazlal
Ru
Sif Muna
Trog
Uskayaw
Vehumet
Wu Jian
Xom
Yredelemnul
Zin
The Shining One
Beogh
Jiyva
Lugonu

Annotations:
D exclusion: door


Innate Abilities, Weirdness & Mutations

Your flesh is cold resistant. (rC+)
Your muscles are strong. (Str +2)


Message History

Casting: Sticky Flame
Confirm with . or Enter, or press ? or * to list all spells.
Aiming: Flame Tongue
Press: ? - help, Shift-Dir - straight line, f/p - centaur warrior
Aim: a centaur warrior (severely wounded, covered in liquid flames)
The flame tongue hits the centaur warrior.
The centaur warrior is almost dead.
The centaur warrior burns!
The centaur warrior closely misses you.
Casting: Flame Tongue
Confirm with . or Enter, or press ? or * to list all spells.
Aiming: Flame Tongue
Press: ? - help, Shift-Dir - straight line, f/p - centaur warrior
Aim: a centaur warrior (almost dead, covered in liquid flames)
The flame tongue hits the centaur warrior.
The centaur warrior appears unharmed.
The centaur warrior is almost dead.
The centaur warrior burns!
The centaur warrior hits you!
* * * LOW HITPOINT WARNING * * *
The centaur warrior hits you!
You die...

__#__# _)#%_# ###+##
.....# .....# ####'#
_#...#+#############
_#...#..≈§≈'.#.(...+
_#...#.#≈§§#.#.#@..#
_#...'.#§§§#.#.#)c.#
_+...#.#..§#...#)..#
▓▓▓▓▓▓▓▓▓▓▓▓▓▓▓▓▓▓▓#


You could see a centaur warrior (burning).

Vanquished Creatures
  Erica (D)
  A deep elf mage (D)
  A shadow (D)
  A spatial vortex (D)
  A necrophage (D)
  2 centaurs (D)
  A water elemental (D)
  A jelly (D)
  A wizard (D)
  Jessica (D)
  A necromancer (D)
  3 humans (D)
  A kobold demonologist (D)
  A phantom (D)
  3 rats (D)
20 creatures vanquished.

Vanquished Creatures (others)
  2 draconian scorchers (D)
  6 hellions (D)
  A yaktaur (D)
9 creatures vanquished.

Grand Total: 29 creatures vanquished

Notes
Turn   | Place    | Note
-------+----------+-------------------------------------------
     0 | D        | Kidiri the Deep Elf Fire Elementalist began the quest for the Orb.
     0 | D        | Reached XP level 1. HP: 10/10 MP: 6/6
    62 | D        | Noticed Jessica
    68 | D        | Killed Jessica
    68 | D        | Reached skill level 6 in Spellcasting
    68 | D        | Reached XP level 2. HP: 15/15 MP: 3/11
    72 | D        | Learned a level 2 spell: Throw Flame
   107 | D        | Killed a hellion
   107 | D        | Killed a hellion
   108 | D        | Killed a hellion
   109 | D        | Killed a hellion
   117 | D        | Killed a yaktaur
   124 | D        | Killed a hellion
   131 | D        | Killed a hellion
   137 | D        | Reached XP level 3. HP: 19/19 MP: 9/12
   142 | D        | Learned a level 3 spell: Conjure Flame
   146 | D        | Learned a level 3 spell: Inner Flame
   166 | D        | Reached skill level 7 in Spellcasting
   166 | D        | Reached skill level 5 in Fire Magic
   186 | D        | Gained mutation: You are resistant to electric shocks. (rElec) [potion of mutation]
   186 | D        | Gained mutation: You possess an exceptional clarity of mind. [potion of mutation]
   187 | D        | Lost mutation: You possess an exceptional clarity of mind. [potion of mutation]
   187 | D        | Lost mutation: You are resistant to electric shocks. (rElec) [potion of mutation]
   187 | D        | Gained mutation: Your flesh is cold resistant. (rC+) [potion of mutation]
   187 | D        | Gained mutation: Your muscles are strong. (Str +2) [potion of mutation]
   190 | D        | Killed a white draconian scorcher
   259 | D        | Killed a white draconian scorcher
   386 | D        | Noticed a water elemental
   388 | D        | Killed a water elemental
   388 | D        | Reached skill level 9 in Spellcasting
   388 | D        | Reached XP level 4. HP: 24/24 MP: 9/17
   402 | D        | Learned a level 4 spell: Sticky Flame
   439 | D        | Found a radiant altar of Vehumet.
   440 | D        | Found a deep blue altar of Sif Muna.
   440 | D        | Found an ancient bone altar of Kikubaaqudgha.
   440 | D        | Noticed a wizard
   442 | D        | Killed a wizard
   442 | D        | Reached skill level 5 in Conjurations
   444 | D        | Reached skill level 1 in Fighting
   444 | D        | Reached skill level 1 in Armour
   444 | D        | Reached XP level 5. HP: 25/29 MP: 10/19
   459 | D        | Learned a level 5 spell: Fireball
   464 | D        | Became a worshipper of Vehumet
   512 | D        | Found a glowing silver altar of Zin.
   513 | D        | Found a glowing golden altar of the Shining One.
   513 | D        | Found a white marble altar of Elyvilon.
   513 | D        | Noticed a deep elf mage
   523 | D        | Killed a deep elf mage
   523 | D        | Reached skill level 5 in Dodging
   523 | D        | Reached skill level 11 in Spellcasting
   523 | D        | Reached XP level 6. HP: 35/37 MP: 11/22
   523 | D        | Reached XP level 7. HP: 39/41 MP: 12/24
   588 | D        | Found an ornate altar of the Wu Jian Council.
   588 | D        | Found a roughly hewn altar of Beogh.
   588 | D        | Found an iron altar of Okawaru.
   588 | D        | Found a bloodstained altar of Trog.
   588 | D        | Found a hide-covered altar of Uskayaw.
   588 | D        | Noticed a human
   590 | D        | Killed a human
   590 | D        | Reached skill level 12 in Spellcasting
   590 | D        | Killed a human
   590 | D        | Reached * piety under Vehumet
   590 | D        | Offered knowledge of Sandblast by Vehumet.
   650 | D        | Found a basalt altar of Yredelemnul.
   650 | D        | Found a shadowy altar of Dithmenos.
   650 | D        | Found a sacrificial altar of Ru.
   692 | D        | Noticed a shadow
   693 | D        | Killed a shadow
   693 | D        | Reached ** piety under Vehumet
   693 | D        | Reached skill level 5 in Short Blades
   693 | D        | Reached skill level 13 in Spellcasting
   693 | D        | Reached XP level 8. HP: 48/48 MP: 14/27
   751 | D        | Found a blossoming altar of Fedhas.
   751 | D        | Found a stormy altar of Qazlal.
   751 | D        | Found a snail-covered altar of Cheibriados.
   751 | D        | Found a burning altar of Makhleb.
   751 | D        | Found a shimmering altar of Xom.
   752 | D        | Found a hazy altar of Hepliaklqana.
   752 | D        | Found an opulent altar of Gozag.
   752 | D        | Found a sparkling altar of Nemelex Xobeh.
   752 | D        | Found a corrupted altar of Lugonu.
   752 | D        | Found a viscous altar of Jiyva.
   772 | D        | Offered knowledge of Freeze by Vehumet.
   860 | D        | Noticed Erica
   863 | D        | Killed Erica
   863 | D        | Reached skill level 5 in Fighting
   863 | D        | Reached skill level 5 in Armour
   863 | D        | Reached skill level 14 in Spellcasting
  1069 | D        | Noticed a centaur warrior
  1070 | D        | Offered knowledge of Static Discharge by Vehumet.
  1070 | D        | Reached *** piety under Vehumet
  1070 | D        | Reached XP level 9. HP: 34/54 MP: 23/29
  1075 | D        | HP: 2/54 [centaur warrior (13)]
  1075 | D        | Mangled by a centaur warrior

Vault maps used:
D:        dungeon_sprint_mu

Skill      XL: |  1  2  3  4  5  6  7  8 |
---------------+-------------------------+-----
Spellcasting   | 6 9 11 13 14 | 14.4
Conjurations   | 3 4 5 6 7 8 |  8.7
Fire Magic     | 4 6 7 8 9 |  9.4
Fighting       | 1 3 4 5 |  5.3
Armour         | 1 3 4 5 |  5.3
Dodging        | 3 5 7 8 |  8.2
Short Blades   | 3 5 6 |  6.2
Stealth        | |  2.4

Action                   |  1- 3 |  4- 6 |  7- 9 || total
-------------------------+-------+-------+-------++-------
Melee: Club              |       |     2 |     5 ||     7
 Cast: Flame Tongue      |    21 |     2 |    23 ||    46
       Conjure Flame     |     1 |       |     1 ||     2
       Sticky Flame      |       |     4 |     3 ||     7
       Fireball          |       |       |     8 ||     8
       Inner Flame       |       |       |     1 ||     1
  Use: Scroll            |     2 |       |       ||     2
       Potion            |     2 |       |       ||     2
 Stab: Sleeping          |       |     1 |       ||     1
  Eat: Chunk             |       |       |     1 ||     1
Armor: Robe              |       |     1 |     1 ||     2
Dodge: Dodged            |     6 |     3 |     7 ||    16

Table legend:
 A = Spawn XP
 B = Non-spawn XP
 C = Spawn XP percentage of total XP
 D = Spawn monster count
 E = Non-spawn monster count
 F = Spawn count percentage of total count
 G = Total turns spent on level
                    A         B        C        D         E        F      G
               +---------+---------+-------+---------+---------+-------+---------
         Total |       0 |    2976 |   0.0 |       0 |      20 |   0.0 |  1075
               +---------+---------+-------+---------+---------+-------+---------
             D |       0 |    2976 |   0.0 |       0 |      20 |   0.0 |  1075
               +---------+---------+-------+---------+---------+-------+---------
